 Dungeon Crawl Stone Soup version 0.16-a0-4053-g5391420 (console) character file.

210 Monkaria the Slasher (level 5, -2/48 HPs)
             Began as a Minotaur Chaos Knight on Feb 20, 2015.
             Slain by an orc
             ... wielding a cursed +0 hand axe
              (3 damage)
             ... on level 4 of the Dungeon.
             The game lasted 00:03:23 (2750 turns).

Monkaria the Slasher (Minotaur Chaos Knight)        Turns: 2750, Time: 00:03:23

Health: -2/48      AC:  5    Str: 17    XL:     5   Next: 57%
Magic:  2/2        EV: 11    Int: 14    God:    Xom [......]
Gold:   65         SH:  0    Dex: 10    Spells: 0 memorised, 4 levels left

rFire  + . .     SeeInvis .     a - +0 falchion (chaos)
rCold  + . .     Clarity  .     b - +2 leather armour
rNeg   . . .     SustAb   .     (no shield)
rPois  +         Gourm    .     (helmet restricted)
rElec  +         Spirit   .     (no cloak)
rCorr  +         Warding  .     (no gloves)
rMut   .         Stasis   .     (no boots)
MR     .....                    (no amulet)
Stlth  +.........               (no ring)
                                (no ring)

@: brilliant, resistant, not resistant to hostile enchantments, very unstealthy
A: retaliatory headbutt, horns 2
a: Renounce Religion


You were on level 4 of the Dungeon.
You worshipped Xom.
You were a very special plaything of Xom.
You were hungry.

You visited 1 branch of the dungeon, and saw 4 of its levels.

You collected 65 gold pieces.

Inventory:

Hand weapons
 a - a +0 falchion of chaos (weapon)
Armour
 b - a +2 leather armour (worn)
Magical devices
 j - a wand of fireball (1)
Scrolls
 d - 2 scrolls of immolation {unknown}
 e - 3 scrolls of enchant weapon {unknown}
 f - a scroll of noise {unknown}
 g - a scroll of teleportation {unknown}
 i - 2 scrolls of identify {unknown}
 m - a scroll of blinking {unknown}
 o - a scroll of remove curse {unknown}
 p - a scroll of amnesia {unknown}
Potions
 q - a potion of curing {unknown}
 r - a potion of ambrosia {unknown}
 w - a potion of lignification {unknown}
Comestibles
 c - a bread ration
 l - a meat ration
 s - a royal jelly
 u - a slice of pizza
 v - a beef jerky


   Skills:
 - Level 5.0 Fighting
 + Level 6.8 Long Blades
 - Level 2.4 Armour
 - Level 1.1 Dodging


You had 4 spell levels left.
You didn't know any spells.

Dungeon Overview and Level Annotations

Branches:
Dungeon (4/15)
 Temple: D:4-7

Altars:


Innate Abilities, Weirdness & Mutations

You reflexively headbutt those who attack you in melee.
You have a pair of horns on your head.


Message History

Something smites you!
* * * LOW HITPOINT WARNING * * *
Drink which item? (? for menu, Esc to quit)
It was a potion of magic.
Magic courses through your body.
Xom roars with laughter!
You kill the orc priest!
The adder skeleton misses you. The orc hits you but does no damage.
The orc hits you but does no damage.
Drink which item? (? for menu, Esc to quit)
It was a potion of brilliance.
You feel clever all of a sudden. The adder skeleton bites you.
* * * LOW HITPOINT WARNING * * *
The orc hits you but does no damage. The orc hits you with a hand axe.
* * * LOW HITPOINT WARNING * * *
Drink which item? (? for menu, Esc to quit)
It was a potion of resistance.
You feel protected. The orc hits you with a hand axe.
You die...

######
##+###.....#
#..........#
+..Zoo.....#
#####...@o.....#
#.....$###.....#
#.####.# ....#
#.# .... #.# ...
#.#####....
#.<......#
#######.##


You could see 3 orcs and an adder skeleton.

Vanquished Creatures
  An orc priest (D:4)
  A hound (D:4)
  An orc wizard (D:3)
  A gnoll (D:1)
  3 adders
  5 worms
  9 orcs (D:3)
  6 giant cockroaches
  3 goblins
  4 hobgoblins
  3 jackals (D:3)
  5 kobolds
  A quokka (D:3)
  5 bats
  6 giant newts
  8 rats
62 creatures vanquished.

Notes
Turn   | Place    | Note
--------------------------------------------------------------
     0 | D:1      | Monkaria, the Minotaur Chaos Knight, began the quest for the Orb.
     0 | D:1      | Reached XP level 1. HP: 19/19 MP: 1/1
   116 | D:1      | Reached skill level 4 in Long Blades
   116 | D:1      | Reached XP level 2. HP: 27/27 MP: 1/1
   259 | D:1      | XOM: harmless Conj miscast
   450 | D:1      | XOM: harmless Divn miscast
   613 | D:1      | Reached XP level 3. HP: 13/33 MP: 2/2
   918 | D:2      | XOM: silly message
   930 | D:2      | XOM: smoke on damage
   931 | D:2      | XOM: harmless Summ miscast
   940 | D:2      | Reached skill level 5 in Long Blades
  1036 | D:2      | XOM: butterfly on damage
  1049 | D:2      | XOM: potion effect (berserk rage)
  1172 | D:2      | XOM: harmless Air miscast
  1178 | D:2      | Reached XP level 4. HP: 26/41 MP: 2/2
  1229 | D:2      | Reached skill level 5 in Fighting
  1393 | D:2      | XOM: harmless Ice miscast
  1405 | D:2      | XOM: colour smoke trail
  1896 | D:3      | XOM: vitrification
  2311 | D:3      | XOM: 2-stop teleportation journey
  2411 | D:3      | Reached skill level 6 in Long Blades
  2411 | D:3      | Reached XP level 5. HP: 40/48 MP: 2/2
  2604 | D:3      | XOM: mild Ice miscast
  2749 | D:4      | HP: 2/48 [adder skeleton (2)]
  2750 | D:4      | Slain by an orc

Action                   |  1- 3 |  4- 6 || total
-------------------------+-------+-------++-------
Melee: Falchion          |    82 |   109 ||   191
  Use: Potion            |       |     3 ||     3
 Stab: Petrifying        |       |     1 ||     1
  Eat: Chunk             |       |     6 ||     6
